 Dungeon Crawl Stone Soup version 0.27.1 (webtiles) character file.

Game seed: 13036273210759230391

4029 Urokeeper the Cutter (level 10, -1/94 HPs)
             Began as a Troll Brigand on Aug 31, 2021.
             Was a Believer of Dithmenos.
             Slain by a vampire mosquito (4 damage)
             ... on level 10 of the Dungeon.
             The game lasted 01:06:42 (8257 turns).

Urokeeper the Cutter (Troll Brigand)                Turns: 8257, Time: 01:06:43

Health: -1/94      AC:  8    Str: 21      XL:     10   Next: 4%
Magic:  9/9        EV: 11    Int:  6 (7)  God:    Dithmenos [**....]
Gold:   819        SH:  0    Dex: 14      Spells: 9/9 levels left

rFire    x . .     SeeInvis +   u - +2 dagger (speed)
rCold    + . .     Faith    +   (no shield)
rNeg     . . .     Spirit   .   r - +0 acid dragon scales
rPois    .         Reflect  .   (helmet restricted)
rElec    .         Harm     +   I - scarf {harm}
rCorr    +         Rampage  .   (gloves unavailable)
Will     .....     Clarity  +   (boots unavailable)
Stlth    +++.......             f - amulet of faith
HPRegen  1.25/turn              l - ring of ice
MPRegen  0.11/turn              (no ring)

@: wreathed by umbra
A: large, unfitting armour, claws 3, regeneration 1, shaggy fur 1, tough skin 1,
see invisible, clarity
a: Renounce Religion, Shadow Step


You were on level 10 of the Dungeon.
You worshipped Dithmenos.
Dithmenos was pleased with you.
You visited 2 branches of the dungeon, and saw 11 of its levels.

You collected 819 gold pieces.

Inventory:

Hand Weapons
 a - a +2 dagger
 e - a +0 vorpal mace
 i - a +2 dagger of venom
 p - a +2 vorpal fustibalus
 q - a +3 whip
 u - a +2 dagger of speed (weapon)
 D - a +4 dire flail
Missiles
 d - 59 poisoned darts (quivered)
 s - 8 boomerangs
 z - 7 javelins
 G - 2 throwing nets
 L - 4 atropa-tipped darts
Armour
 b - a +0 robe
 c - a +0 cloak
 r - +0 acid dragon scales (worn)
 B - a +0 kite shield
 I - a scarf of harm (worn)
Magical Staves
 h - a staff of air
Jewellery
 f - an amulet of faith (around neck)
 g - a ring of wizardry
 l - a ring of ice (left claw)
 F - an amulet of the acrobat
Wands
 m - a wand of iceblast (16)
 n - a wand of mindburst (19)
 x - a wand of flame (11)
Scrolls
 k - 3 scrolls of amnesia
 t - a scroll of holy word
 y - a scroll of blinking
 A - 2 scrolls of enchant armour
 C - 2 scrolls of identify
 E - a scroll of vulnerability
 H - 3 scrolls of teleportation
 K - a scroll of immolation
Potions
 j - 4 potions of mutation
 o - 2 potions of haste {unknown}
 v - a potion of attraction {unknown}
 w - 2 potions of berserk rage {unknown}
 J - a potion of degeneration {unknown}


   Skills:
 + Level 4.8 Fighting
 * Level 7.1 Short Blades
 * Level 3.9 Maces & Flails
 - Level 2.1 Throwing
 + Level 2.5 Armour
 + Level 5.0 Dodging
 * Level 4.6 Stealth


You had 9 spell levels left.
You didn't know any spells.
Your spell library contained the following spells:

 Spells                   Type           Power      Damage    Failure   Level
 Animate Skeleton         Necr           0%         N/A       54%         1
 Apportation              Tloc           0%         N/A       54%         1
 Corona                   Hex            0%         N/A       54%         1
 Foxfire                  Conj/Fire      0%         2x1d4     54%         1
 Pain                     Necr           0%         1d4       54%         1
 Summon Small Mammal      Summ           0%         N/A       54%         1
 Ensorcelled Hibernation  Hex/Ice        0%         N/A       67%         2
 Conjure Flame            Conj/Fire      0%         6-21      88%         3
 Inner Flame              Hex/Fire       0%         N/A       88%         3
 Ozocubu's Armour         Ice            0%         N/A       88%         3
 Spider Form              Tmut/Pois      0%         N/A       88%         3
 Stone Arrow              Conj/Erth      0%         3d7       88%         3
 Tukima's Dance           Hex            0%         N/A       88%         3
 Vampiric Draining        Necr           0%         2d6       88%         3
 Cause Fear               Hex            0%         N/A       99%         4
 Passage of Golubria      Tloc           N/A        N/A       99%         4
 Bolt of Magma            Conj/Fire/Erth 0%         4d4       100%        5
 Metabolic Englaciation   Hex/Ice        0%         N/A       100%        5
 Silence                  Hex/Air        0%         N/A       100%        5
 Iron Shot                Conj/Erth      0%         9d1       100%        6
 Shadow Creatures         Summ           N/A        N/A       100%        6
 Simulacrum               Ice/Necr       0%         N/A       100%        6
 Lehudib's Crystal Spear  Conj/Erth      0%         10d2      100%        8
 Shatter                  Erth           0%         3d5*      100%        9


Dungeon Overview and Level Annotations

Branches:
Dungeon (9/15)             Temple (1/1) D:4
   Lair: D:8-11         Orc: D:9-12

Altars:
Cheibriados
Dithmenos
Elyvilon
Fedhas
Gozag
Hepliaklqana
Kikubaaqudgha
Makhleb
Nemelex Xobeh
Okawaru
Ru
Sif Muna
Trog
Uskayaw
Vehumet
Wu Jian
Xom
Yredelemnul
The Shining One

Annotations:
D:9 Gastronok


Innate Abilities, Weirdness & Mutations

You are too large for most types of armour.
You have claws for hands.
Your natural rate of healing is unusually fast.
You are covered in fur. (AC +1)
You have tough skin. (AC +1)
You have supernaturally acute eyesight. (SInv)
You possess an exceptional clarity of mind.


Message History

The glowing orange brain is heavily wounded.
You hit the glowing orange brain.
The glowing orange brain is severely wounded.
The glowing orange brain blinks!
The glowing orange brain blinks!
The vampire mosquito barely misses you.
Found a chain mail.
The glowing orange brain pulsates.
You feel dopey. Something feeds on your intellect!
The vampire mosquito bites you but does no damage.
The vampire mosquito bites you but does no damage.
The vampire mosquito bites you!
* * * LOW HITPOINT WARNING * * *
The vampire mosquito draws strength from your injuries!
The vampire mosquito buzzes angrily.
The vampire mosquito bites you.
* * * LOW HITPOINT WARNING * * *
The vampire mosquito draws strength from your injuries!
The vampire mosquito barely misses you.
The glowing orange brain changes into a lindwurm!
The vampire mosquito bites you.
* * * LOW HITPOINT WARNING * * *
The vampire mosquito draws strength from your injuries!
The vampire mosquito bites you.
* * * LOW HITPOINT WARNING * * *
The vampire mosquito draws strength from your injuries!
The vampire mosquito barely misses you.
The vampire mosquito closely misses you.
The vampire mosquito bites you!
* * * LOW HITPOINT WARNING * * *
The vampire mosquito draws strength from your injuries!
The vampire mosquito bites you.
* * * LOW HITPOINT WARNING * * *
The vampire mosquito draws strength from your injuries!
The vampire mosquito bites you.
* * * LOW HITPOINT WARNING * * *
The vampire mosquito draws strength from your injuries!
The vampire mosquito completely misses you.
The vampire mosquito bites you.
You die...

#.. ##..##
#..## ##..##
#..# ##..##
#..###...## #
#........[###
#..
##..........#
#...###
#..######....
.......#####..#
##..
.......@y..k.##
##
........y...##
..........###
........###
#......##
#....## ##...
#...


You could see a lindwurm shaped shifter and 2 vampire mosquitoes.

Vanquished Creatures
  Maggie (D:6)
  Grinder (D:3)
  Prince Ribbit (D:7)
  Sigmund (D:3)
  2 wyverns
  Duvessa (D:7)
  A sky beast (D:7)
  An ice beast (D:7)
  2 black bears
  A necrophage (D:8)
  2 centaurs
  4 ogres
  2 scorpions
  3 bullfrogs
  Dowan (D:7)
  A wyvern skeleton (D:7)
  4 killer bees (D:8)
  5 wights (D:6)
  A howler monkey (D:8)
  6 hounds
  4 orc priests
  A centaur zombie (D:5)
  2 bullfrog zombies (D:5)
  2 jellies
  Jessica (D:3)
  Natasha (thrice) (D:3)
  Terence (D:2)
  3 iguanas
  6 orc wizards
  A hound skeleton (D:5)
  10 gnolls
  7 adders
  A shadow imp (D:7)
  A white imp (D:5)
  3 worms (D:2)
  2 dart slugs
  10 orcs
  6 endoplasms
  3 giant cockroaches
  8 hobgoblins
  11 jackals
  3 quokkas
  7 ball pythons
  5 bats
  5 frilled lizards
  8 goblins
  9 kobolds
  6 rats
170 creatures vanquished.

Vanquished Creatures (others)
  An orc wizard (D:7)
1 creature vanquished.

Grand Total: 171 creatures vanquished

Notes
Turn   | Place    | Note
-------+----------+-------------------------------------------
     0 | D:1      | Urokeeper the Troll Brigand began the quest for the Orb.
     0 | D:1      | Reached XP level 1. HP: 19/19 MP: 0/0
   104 | D:1      | Reached XP level 2. HP: 28/28 MP: 1/1
   116 | D:1      | Found a faded altar of an unknown god.
   401 | D:1      | Reached skill level 1 in Dodging
   401 | D:1      | Reached XP level 3. HP: 35/35 MP: 2/2
   900 | D:2      | Noticed Terence
   909 | D:2      | Reached skill level 2 in Short Blades
   930 | D:2      | Killed Terence
   931 | D:2      | Reached XP level 4. HP: 17/42 MP: 3/3
  1263 | D:2      | Reached XP level 5. HP: 36/49 MP: 4/4
  1847 | D:3      | Noticed Natasha
  1885 | D:3      | Killed Natasha
  2074 | D:3      | Noticed Sigmund
  2215 | D:3      | Killed Sigmund
  2216 | D:3      | Reached skill level 1 in Maces & Flails
  2216 | D:3      | Reached XP level 6. HP: 36/59 MP: 5/5
  2329 | D:3      | Noticed Natasha
  2349 | D:3      | Killed Natasha
  2607 | D:3      | Noticed Jessica
  2608 | D:3      | Killed Jessica
  2643 | D:3      | Reached XP level 7. HP: 67/67 MP: 6/6
  2739 | D:3      | Noticed Grinder
  2775 | D:3      | Killed Grinder
  2776 | D:3      | Reached skill level 3 in Short Blades
  2808 | D:3      | Noticed Natasha
  2814 | D:3      | Killed Natasha
  2992 | D:4      | Found a staircase to the Ecumenical Temple.
  3019 | Temple   | Entered the Ecumenical Temple
  3118 | Temple   | Became a worshipper of Dithmenos the Shadowed
  3667 | D:5      | Entered Level 5 of the Dungeon
  3741 | D:5      | Reached XP level 8. HP: 55/75 MP: 7/7
  3770 | D:5      | Reached skill level 4 in Short Blades
  4058 | D:5      | Got Xuarghena's Guide on Captivating Earth
  4066 | D:5      | Found an ornate altar of the Wu Jian Council.
  4079 | D:5      | Found a radiant altar of Vehumet.
  4093 | D:5      | Found an ancient bone altar of Kikubaaqudgha.
  4096 | D:5      | Found a shimmering blue altar of Sif Muna.
  4246 | D:5      | Reached skill level 5 in Short Blades
  4395 | D:5      | Reached * piety under Dithmenos
  4749 | D:6      | Noticed Maggie
  4784 | D:6      | Killed Maggie
  4882 | D:6      | Reached XP level 9. HP: 76/84 MP: 8/8
  4949 | D:6      | Reached skill level 6 in Short Blades
  5870 | D:7      | Noticed Prince Ribbit
  5936 | D:7      | Gained mutation: You possess an exceptional clarity of
                  | mind. [potion of mutation]
  5936 | D:7      | Gained mutation: You have supernaturally acute eyesight.
                  | (SInv) [potion of mutation]
  6003 | D:8      | Reached skill level 1 in Armour
  6266 | D:7      | Killed Prince Ribbit
  6475 | D:7      | Reached ** piety under Dithmenos
  6541 | D:7      | Noticed Duvessa
  6549 | D:7      | Noticed Dowan
  6572 | D:7      | Killed Duvessa
  6589 | D:7      | Killed Dowan
  6895 | D:7      | Reached skill level 5 in Dodging
  7720 | D:8      | Reached skill level 7 in Short Blades
  7768 | D:8      | Reached XP level 10. HP: 86/94 MP: 9/9
  8067 | D:9      | Identified a scroll of acquirement
  8068 | D:9      | Acquired 352 gold pieces
  8168 | D:9      | Noticed Gastronok
  8170 | D:9      | You fall into a shaft and drop 1 floor!
  8170 | D:10     | Entered Level 10 of the Dungeon
  8214 | D:10     | Noticed a lindwurm
  8214 | D:10     | a yaktaur changed into a lindwurm
  8236 | D:10     | Noticed a glowing orange brain
  8236 | D:10     | a lindwurm changed into a glowing orange brain
  8249 | D:10     | Noticed a lindwurm
  8249 | D:10     | a glowing orange brain changed into a lindwurm
  8256 | D:10     | HP: 1/94 [vampire mosquito (7)]
  8257 | D:10     | Slain by a vampire mosquito

Illustrated notes

Levels and vault maps discovered:
D:1:      minmay_arrival_up_and_down, layout_loops_ring,
          hellmonk_ecumenical_altar_heavens_door
D:2:      layout_basic, uniq_terence
D:3:      minmay_razor_zed, layout_loops_ring, chequers_serial_rivers_micro_d,
          minmay_misc_feat_hallway, uniq_grinder, uniq_natasha, uniq_jessica,
          uniq_sigmund
D:4:      layout_cave_pools, temple_pool_b
D:5:      layout_basic, grunt_temple_overflow_cloverleaf, serial_rivers,
          chequers_serial_rivers_micro_d, chequers_serial_rivers_marsh,
          chequers_serial_rivers_small_b, chequers_serial_rivers_large_b
D:6:      layout_cave_pods, uniq_maggie
D:7:      layout_gridville, uniq_duvessa, uniq_prince_ribbit1
D:8:      layout_basic
D:9:      layout_basic, minmay_fractal_squares_gapless_7, uniq_gastronok
D:10:     layout_layer_cave, david_lair_generic
Temple:   regret_index_temple_mists

Skill      XL: |  1  2  3  4  5  6  7  8  9 |
---------------+----------------------------+-----
Fighting       | 2 3 4 |  4.8
Dodging        | 1 2 3 4 5 |  5.0
Short Blades   | 2 3 5 7 |  7.1
Maces & Flails | 1 2 3 |  3.9
Throwing       | 2 |  2.1
Stealth        | 3 4 |  4.6
Armour         | 2 |  2.5

Action                   |  1- 3 |  4- 6 |  7- 9 | 10-12 || total
-------------------------+-------+-------+-------+-------++-------
Melee: Dagger            |   154 |   169 |   684 |    78 ||  1085
       Mace              |       |    75 |       |       ||    75
       Dire flail        |       |       |     4 |       ||     4
Throw: Dart              |     3 |    13 |    99 |       ||   115
       Javelin           |       |       |    10 |       ||    10
       Boomerang         |       |       |     3 |       ||     3
       Throwing net      |       |       |     3 |       ||     3
Evoke: Wand              |       |       |     2 |       ||     2
  Use: Scroll            |       |     1 |    12 |     2 ||    15
       Potion            |       |       |     2 |       ||     2
 Stab: Sleeping          |     4 |     2 |     3 |       ||     9
       Held in net/web   |       |       |     1 |       ||     1
Armor: Robe              |    67 |    89 |    57 |       ||   213
       Acid dragon scale |       |       |    97 |     9 ||   106
Dodge: Dodged            |    67 |   132 |   250 |    37 ||   486
